 Dungeon Crawl Stone Soup version 0.21.1-1-g345015f (webtiles) character file.

396 zishaf the Chopper (level 6, -1/53 HPs)
             Began as a Minotaur Fighter on May 16, 2018.
             Slain by a torpor snail (12 damage)
             ... on level 4 of the Dungeon.
             The game lasted 00:09:21 (3111 turns).

zishaf the Chopper (Minotaur Fighter)               Turns: 3111, Time: 00:09:21

Health: -1/53      AC: 13    Str: 22    XL:     6   Next: 52%
Magic:  5/5        EV:  4    Int:  5    God:
Gold:   71         SH:  9    Dex: 10    Spells: 5/5 levels left

rFire    . . .     SeeInvis .   a - +0 war axe
rCold    . . .     Gourm    .   c - +0 shield
rNeg     . . .     Faith    .   u - +0 plate armour (curse)
rPois    .         Spirit   .   (helmet restricted)
rElec    .         Reflect  .   (no cloak)
rCorr    .         Harm     .   (no gloves)
MR       .....                  (no boots)
Stlth    ..........             (no amulet)
HPRegen  0.17/turn              (no ring)
MPRegen  0.09/turn              (no ring)

@: slowed, drained, very slow
A: retaliatory headbutt, horns 2, iridescent scales 1, sense surroundings 1
a: no special abilities


You were on level 4 of the Dungeon.
You were not hungry.

You visited 1 branch of the dungeon, and saw 4 of its levels.

You collected 71 gold pieces.

Inventory:

Hand Weapons
 a - a +0 war axe (weapon)
Armour
 c - a +0 shield (worn)
 u - a cursed +0 plate armour (worn)
Wands
 d - a wand of polymorph (9)
Scrolls
 e - a scroll of enchant armour {unknown}
 h - 2 scrolls of fear {unknown}
 i - 2 scrolls of enchant weapon {unknown}
 j - a scroll of amnesia {unknown}
 l - a scroll of blinking
 m - 2 scrolls of immolation {unknown}
 n - 2 scrolls of remove curse {unknown}
 o - 2 scrolls of teleportation {unknown}
 s - a scroll of magic mapping {unknown}
Potions
 p - 3 potions of curing
 q - 3 potions of flight
 t - a potion of brilliance
Comestibles
 f - 6 rations


   Skills:
 + Level 4.5(4.0) Fighting
 - Level 7.0(6.4) Axes
 + Level 4.5(3.9) Armour
 + Level 4.5(3.9) Shields


You had 5 spell levels left.
You didn't know any spells.

Dungeon Overview and Level Annotations

Branches:
Dungeon (4/15)
 Temple: D:4-7

Altars:
Cheibriados
Qazlal


Innate Abilities, Weirdness & Mutations

You reflexively headbutt those who attack you in melee.
You have a pair of horns on your head.
You are partially covered in iridescent scales. (AC +2)
You passively map a small area around you.


Message History

The torpor snail bites you. The torpor snail bites you!
You hit the torpor snail.
The torpor snail is heavily wounded.
You block the torpor snail's attack.
You hit the torpor snail but do no damage.
You headbutt the torpor snail!
The torpor snail is heavily wounded.
The torpor snail bites you but does no damage.
You block the torpor snail's attack.
You hit the torpor snail.
You headbutt the torpor snail, but do no damage.
The torpor snail is heavily wounded.
The torpor snail bites you!
* * * LOW HITPOINT WARNING * * *
It was a potion of mutation.
You feel extremely strange.
You feel a strange attunement to the structure of the dungeons.
Iridescent scales grow over part of your body.
You block the torpor snail's attack.
You feel better. The torpor snail bites you!
You die...

.......#######.#..# #.#
######## #....# #.#
#.##.# #.# #.##.# #.# *
* #.##.# ###.# * #....##
#.... * *
#.#...##########.#.# * *
#.###.#.#..............#
. , *
#....w@....############
# #.)........# .
*#.##.......# #.
*###..>### #. #...# ..*
##.## * . * #.# , * *
..# * ** ,


You could see a torpor snail.

Vanquished Creatures
  The ghost of Collin1234 the Conjurer, an amateur DgCj (D:3)
  2 wights (D:3)
  2 orc wizards (D:2)
  A worker ant (D:4)
  A killer bee zombie (D:3)
  4 adders
  An ooze (D:2)
  2 worms
  A dart slug (D:1)
  10 orcs
  10 bats
  4 giant cockroaches
  16 goblins
  10 hobgoblins
  3 jackals (D:4)
  8 kobolds
  A quokka (D:3)
  2 ball pythons
  3 frilled lizards (D:1)
  6 rats
88 creatures vanquished.

Notes
Turn   | Place    | Note
-------+----------+-------------------------------------------
     0 | D:1      | zishaf the Minotaur Fighter began the quest for the Orb.
     0 | D:1      | Reached XP level 1. HP: 19/19 MP: 0/0
   150 | D:1      | Reached skill level 3 in Axes
   161 | D:1      | Reached XP level 2. HP: 26/26 MP: 1/1
   412 | D:1      | Reached skill level 4 in Axes
   522 | D:1      | Reached XP level 3. HP: 27/31 MP: 2/2
   820 | D:2      | Found a snail-covered altar of Cheibriados.
   931 | D:2      | Reached skill level 5 in Axes
  1107 | D:2      | Reached XP level 4. HP: 39/39 MP: 3/3
  1216 | D:3      | Noticed Collin1234's ghost (amateur DgCj)
  1224 | D:2      | Reached skill level 6 in Axes
  1506 | D:3      | Reached XP level 5. HP: 29/46 MP: 4/4
  1743 | D:3      | Killed Collin1234's ghost
  1910 | D:3      | Reached skill level 7 in Axes
  1910 | D:3      | Reached XP level 6. HP: 52/52 MP: 5/5
  2094 | D:3      | Found a stormy altar of Qazlal.
  3096 | D:4      | Noticed a two-headed ogre
  3099 | D:4      | Noticed a deep troll
  3099 | D:4      | a two-headed ogre changed into a deep troll
  3101 | D:4      | Noticed a torpor snail
  3101 | D:4      | a deep troll changed into a torpor snail
  3108 | D:4      | Gained mutation: You passively map a small area around you. [potion of mutation]
  3108 | D:4      | Gained mutation: You are partially covered in iridescent scales. (AC +2) [potion of mutation]
  3111 | D:4      | Slain by a torpor snail

Skill      XL: |  1  2  3  4  5 |
---------------+----------------+-----
Axes           | 3 4 5 6 7 |  7.0
Fighting       | 4 |  4.5
Armour         | 4 |  4.5
Shields        | 4 |  4.5

Action                   |  1- 3 |  4- 6 || total
-------------------------+-------+-------++-------
Melee: War axe           |   110 |    99 ||   209
       Headbutt          |    14 |    18 ||    32
Evoke: Wand              |       |     5 ||     5
  Use: Potion            |       |     5 ||     5
       Scroll            |       |     4 ||     4
 Stab: Sleeping          |       |     1 ||     1
  Eat: Chunk             |     1 |     3 ||     4
       Ration            |       |     1 ||     1
Armor: Scale mail        |    45 |    29 ||    74
       Ring mail         |       |    21 ||    21
       Plate armour      |       |    13 ||    13
Dodge: Dodged            |    33 |    29 ||    62
Block: Shield            |    59 |    79 ||   138
